 Dungeon Crawl Stone Soup version 0.25.1-2-g60ff931df9 (webtiles) character file.

Game seed: 8704452609913216669

408 ANNNA the Magician (level 6, -9/32 HPs)
             Began as a Deep Elf Venom Mage on Nov 18, 2020.
             Killed from afar by a hound skeleton (37 damage)
             ... with an exploding inner flame
             ... hexed by the player character
             ... on level 5 of the Dungeon.
             The game lasted 00:12:05 (3662 turns).

ANNNA the Magician (Deep Elf Venom Mage)            Turns: 3662, Time: 00:12:07

Health: -9/32      AC:  5    Str:  7    XL:     6   Next: 57%
Magic:  4/16       EV: 13    Int: 20    God:
Gold:   216        SH:  0    Dex: 15    Spells: 3/16 levels left

rFire    . . .     SeeInvis .   f - +0 dagger
rCold    . . .     Gourm    .   (no shield)
rNeg     . . .     Faith    .   a - +0 robe
rPois    .         Spirit   .   v - +1 hat
rElec    .         Reflect  .   m - +0 cloak
rCorr    .         Harm     .   h - +0 pair of gloves
MR       .....                  (no boots)
Stlth    ++........             (no amulet)
HPRegen  0.10/turn              (no ring)
MPRegen  0.15/turn              (no ring)

@: no status effects
A: no striking features
a: no special abilities


You were on level 5 of the Dungeon.
You were not hungry.

You visited 1 branch of the dungeon, and saw 5 of its levels.

You collected 216 gold pieces.

Inventory:

Hand Weapons
 f - a +0 dagger (weapon)
Missiles
 j - 41 stones (quivered)
Armour
 a - a +0 robe (worn)
 h - a +0 pair of gloves (worn)
 m - a +0 cloak (worn)
 p - a +0 helmet
 v - a +1 hat (worn)
Jewellery
 r - an uncursed ring of poison resistance {unknown}
 s - an uncursed ring of fire {unknown}
Wands
 t - a wand of acid (9)
Scrolls
 d - 2 scrolls of remove curse
 k - a scroll of immolation
 o - a scroll of identify {unknown}
 u - a scroll of fog {unknown}
Potions
 b - 3 potions of heal wounds {unknown}
 e - a potion of curing {unknown}
 g - a potion of haste {unknown}
 i - a potion of ambrosia {unknown}
 n - a potion of lignification {unknown}
 q - 2 potions of flight {unknown}
Comestibles
 c - 11 rations
 l - 6 chunks of flesh


   Skills:
 + Level 1.4 Short Blades
 + Level 0.4 Throwing
 + Level 2.7 Dodging
 + Level 2.7 Stealth
 + Level 5.9 Spellcasting
 + Level 2.5 Transmutations
 + Level 1.3 Air Magic
 + Level 5.5 Poison Magic


You had 3 spell levels left.
You knew the following spells:

 Your Spells              Type           Power        Failure   Level  Hunger
a - Sting                 Tmut/Pois      ###.         1%          1    None
b - Poisonous Vapours     Pois/Air       ###...       3%          2    None
c - Ignite Poison         Fire/Tmut/Pois ###.....     11%         3    ##.....
d - Mephitic Cloud        Conj/Pois/Air  ###.....     12%         3    ##.....
e - Olgreb's Toxic Radia  Pois           ####....     11%         4    ####...

Your spell library contained the following spells:

 Spells                   Type           Power        Failure   Level  Hunger
 Freeze                   Ice            #...         11%         1    None
 Frozen Ramparts          Ice            #.....       32%         3    ##.....
 Ozocubu's Armour         Chrm/Ice       #.......     32%         3    ##.....
 Hailstorm                Conj/Ice       #.......     71%         4    ####...
 Summon Ice Beast         Ice/Summ       #.......     71%         4    ####...


Dungeon Overview and Level Annotations

Branches:
Dungeon (6/15)
 Temple: D:4-7

Altars:

Shops:
D:6 !%


Message History

It was a scroll of immolation.
The hound skeleton closely misses you.
The crimson imp blinks!
The hound skeleton closely misses you.
You closely miss the hound skeleton.
The hound skeleton is moderately damaged.
The hound skeleton bites you.
The crimson imp blinks!
You hit the hound skeleton but do no damage.
The hound skeleton is moderately damaged.
The hound skeleton misses you.
You hit the hound skeleton.
Flame seeps out of the hound skeleton.
The hound skeleton is moderately damaged.
The hound skeleton is engulfed in blazing flames.
Flame seeps out of the hound skeleton.
The hound skeleton closely misses you.
The crimson imp blinks!
You hit the hound skeleton but do no damage.
The hound skeleton is almost destroyed.
The hound skeleton is engulfed in blazing flames.
The hound skeleton explodes!
The fiery explosion engulfs you!!!
Ouch! That really hurt!
You die...

############### #. ..
#....@○Z...5..#### .##.
#.##########§....# ... #.#
#.....# #.. #.# #.....# ##
#.. #.# #.Z...#
..Z.##.##.###########5####
.................Z5...#
######.#####.#...Z####
######....##.#....#


You could see a crimson imp (inner flame) and an adder zombie (inner flame).

Vanquished Creatures
  A centaur (D:5)
  2 crimson imps (D:6)
  A hound (D:6)
  A jelly (D:6)
  An orc priest (D:6)
  Natasha (thrice) (D:2)
  A hound zombie (D:5)
  An adder (D:2)
  2 worms (D:2)
  2 dart slugs
  3 leopard geckos
  7 orcs
  3 ball pythons (D:2)
  6 bats
  5 giant cockroaches
  5 goblins
  4 hobgoblins (D:1)
  2 jackals (D:1)
  5 kobolds
  2 quokkas (D:2)
  3 frilled lizards
  4 rats
64 creatures vanquished.

Notes
Turn   | Place    | Note
-------+----------+-------------------------------------------
     0 | D:1      | ANNNA the Deep Elf Venom Mage began the quest for the Orb.
     0 | D:1      | Reached XP level 1. HP: 10/10 MP: 6/6
   197 | D:1      | Reached XP level 2. HP: 15/15 MP: 6/8
   201 | D:1      | Learned a level 2 spell: Poisonous Vapours
  1080 | D:1      | Reached XP level 3. HP: 13/19 MP: 7/10
  1085 | D:1      | Learned a level 3 spell: Ignite Poison
  1089 | D:1      | Learned a level 3 spell: Mephitic Cloud
  2085 | D:2      | Noticed Natasha
  2090 | D:2      | Killed Natasha
  2090 | D:2      | Reached XP level 4. HP: 24/24 MP: 4/12
  2376 | D:2      | Noticed Natasha
  2380 | D:2      | Killed Natasha
  2380 | D:2      | Reached skill level 1 in Short Blades
  2495 | D:2      | Noticed Natasha
  2500 | D:2      | Killed Natasha
  2500 | D:2      | Reached skill level 1 in Air Magic
  2500 | D:2      | Reached XP level 5. HP: 21/28 MP: 6/13
  2936 | D:3      | You fall into a shaft and drop 3 floors!
  2995 | D:6      | Reached skill level 5 in Poison Magic
  3037 | D:6      | Found Kewix's Food Boutique.
  3076 | D:6      | Reached skill level 5 in Spellcasting
  3258 | D:6      | Learned a level 4 spell: Olgreb's Toxic Radiance
  3278 | D:6      | Found Bel Laojuj's Distillery.
  3333 | D:6      | Reached XP level 6. HP: 23/32 MP: 11/16
  3446 | D:6      | Noticed an orc warrior
  3460 | D:6      | Noticed a sky beast
  3467 | D:6      | Noticed an ice beast
  3496 | D:5      | Entered Level 5 of the Dungeon
  3662 | D:5      | Killed from afar by a hound skeleton

Illustrated notes

Levels and vault maps discovered:
D:1:      zelgadis_glass_arrival_small, layout_basic, minivault_25
D:2:      layout_basic, uniq_natasha
D:3:      layout_basic, chequers_ecumenical_altar_grove
D:5:      layout_basic, minivault_26, kennysheep_generic_room_7
D:6:      layout_cave_pods, serial_shops, nicolae_shop_behind_doors, shop, shop,
          shop, due_unseen_surprise, uniq_duvessa

Skill      XL: |  1  2  3  4  5  6 |
---------------+-------------------+-----
Poison Magic   | 4 5 |  5.5
Spellcasting   | 4 5 |  5.9
Short Blades   | 1 |  1.4
Air Magic      | 1 |  1.3
Transmutations | 2 |  2.5
Throwing       | |  0.4
Dodging        | |  2.7
Stealth        | |  2.7

Action                   |  1- 3 |  4- 6 || total
-------------------------+-------+-------++-------
Melee: Unarmed           |     4 |       ||     4
       Dagger            |    10 |    27 ||    37
Throw: Stone             |     1 |     3 ||     4
 Cast: Sting             |    51 |    56 ||   107
       Poisonous Vapours |    16 |    22 ||    38
       Ignite Poison     |       |     2 ||     2
       Mephitic Cloud    |       |     1 ||     1
  Use: Scroll            |       |     2 ||     2
  Eat: Chunk             |     4 |     5 ||     9
Armor: Robe              |    15 |    11 ||    26
Dodge: Dodged            |    39 |    41 ||    80
